 Dungeon Sprint DCSS version 0.26-a0-638-gcca6ad1b57 (webtiles) character file.

Game seed: 7417876552726217166

7 Conn the Magician (level 2, 0/17 HPs)
             Began as an Octopode Hedge Wizard on Sept 14, 2020.
             Slain by a worm (10 damage)
             ... in the Dungeon (Sprint II: "The Violet Keep of Menkaure").
             The game lasted 00:00:28 (42 turns).

Conn the Magician (Octopode Hedge Wizard)             Turns: 42, Time: 00:00:28

Health: 0/17       AC:  1    Str:  9    XL:     2   Next: 0%
Magic:  7/7        EV: 13    Int: 16    God:
Gold:   243        SH:  0    Dex: 11    Spells: 4/9 levels left

rFire    . . .     SeeInvis .   a - +0 dagger
rCold    . . .     Faith    .   (no shield)
rNeg     . . .     Spirit   .   b - +0 hat
rPois    .         Reflect  .   (no amulet)
rElec    .         Harm     .   (no ring)
rCorr    .         Rampage  .   (no ring)
MR       .....     NoTele   +   (no ring)
Stlth    +++.......             (no ring)
HPRegen  0.05/turn              (no ring)
MPRegen  0.10/turn              (no ring)
                                (no ring)
                                (no ring)

@: no status effects
A: almost no armour, stealthy swim, amphibious, 8 rings, constrict 8, camouflage
1, gelatinous body 1
a: no special abilities


You were in the Dungeon.
You visited 1 branch You collected 243 gold pieces.

Inventory:

Hand Weapons
 a - a +0 dagger (weapon)
Armour
 b - a +0 hat (worn)
Scrolls
 i - a scroll of blinking
Potions
 d - a potion of curing
 e - a potion of heal wounds
 f - a potion of haste
 g - 2 potions of magic
 h - a potion of berserk rage


   Skills:
 + Level 2.3 Dodging
 + Level 3.1 Stealth
 + Level 4.2 Spellcasting
 + Level 1.0 Conjurations
 + Level 1.0 Summonings
 + Level 1.0 Translocations


You had 4 spell levels left.
You knew the following spells:

 Your Spells              Type           Power        Failure   Level
a - Magic Dart            Conj           #...         11%         1
b - Blink                 Tloc           N/A          17%         2
c - Call Imp              Summ           #.......     17%         2

Your spell library contained the following spells:

 Spells                   Type           Power        Failure   Level
 Slow                     Hex            #.......     26%         2
 Conjure Flame            Conj/Fire      #.......     36%         3
 Mephitic Cloud           Conj/Pois/Air  #.......     41%         3


Dungeon Overview and Level Annotations

Branches:
Dungeon (1/1)

Altars:

Shops:
D }==[?(}


Innate Abilities, Weirdness & Mutations

You cannot wear most types of armour.
You are very stealthy in the water. (Stealth+)
You are amphibious.
You can wear up to eight rings at the same time.
You can use your tentacles to constrict eight enemies at once.
Your skin changes colour to match your surroundings (Stealth+).
Your rubbery body absorbs attacks. (AC +1, EV +1)


Message History

You open the door.
A worm comes into view.
Found seven shops.
There is an open door here.
The helpless worm fails to defend itself.
You puncture the worm! You grab the worm.
You squeeze the worm, but do no damage.
The worm is moderately wounded.
You constrict the worm. The worm bites you.
You hit the worm.
The worm is heavily wounded.
You constrict the worm. The worm bites you.
You hit the worm but do no damage.
The worm is heavily wounded.
You constrict the worm. You hit the worm but do no damage.
The worm is heavily wounded.
You constrict the worm. The worm bites you!
Ouch! That really hurt!
You die...

######≈ .....#≈
⌠....#≈ .∩...#≈
∩.∩..#≈ ###
.∩.∩.#≈##†###+#
..∩.∩#≈#...##.##
+≈'##†'.<.+
.....#≈#@####.##
▓▓▓###≈##w# #+#
######≈ ## ##


You could see a worm.

Vanquished Creatures
  2 worms (D)
2 creatures vanquished.

Vanquished Creatures (others)
  Menkaure (D)
  A crocodile (D)
2 creatures vanquished.

Grand Total: 4 creatures vanquished

Notes
Turn   | Place    | Note
-------+----------+-------------------------------------------
     0 | D        | Conn the Octopode Hedge Wizard began the quest for the Orb.
     0 | D        | Reached XP level 1. HP: 11/11 MP: 4/4
    11 | D        | Reached skill level 4 in Spellcasting
    11 | D        | Reached XP level 2. HP: 17/17 MP: 5/7
    24 | D        | Killed Menkaure
    30 | D        | Killed a crocodile
    33 | D        | Learned a level 2 spell: Blink
    36 | D        | Learned a level 2 spell: Call Imp
    37 | D        | Found Otastrohu's Gadget Boutique.
    37 | D        | Found Adgheem's Magic Scroll Shop.
    37 | D        | Found Zutwofay's Antique Weapon Shop.
    37 | D        | Found Costru's Jewellery Boutique.
    37 | D        | Found Nimonegg's Antique Armour Boutique.
    37 | D        | Found Nac Qeu's Gadget Shop.
    37 | D        | Found Liwuklee's Jewellery Shop.
    42 | D        | Slain by a worm

Illustrated notes

Levels and vault maps discovered:
D:        the_violet_keep_of_menkaure [sprint2_stairs_cluster_1,
          sprint2_shoproom, sprint2_temple, sprint2_basic_supplies,
          sprint2_obstacle_5, sprint2_obstacle_4, sprint2_obstacle_3,
          sprint2_obstacle_2, sprint2_obstacle_1, sprint2_timed_cluster_1,
          sprint2_smallroom_cluster_1, sprint2_smallroom_final_cluster_1,
          sprint2_transparent_cluster_1, sprint2_second_timed_cluster_1,
          sprint2_sniper_area_1, sprint2_heavy_combat_area_1,
          sprint2_mutation_trap_area_1, sprint2_forest_area_1,
          sprint2_light_combat_area_1, sprint2_behind_water_1,
          sprint2_near_end_vault_1]

Skill      XL: |  1 |
---------------+----+-----
Stealth        | 3 |  3.1
Spellcasting   | 4 |  4.2
Dodging        | |  2.3
Conjurations   | |  1.0
Summonings     | |  1.0
Translocations | |  1.0

Action                   || total
-------------------------++-------
Melee: Dagger            ||    12
       Constrict         ||     3
       Tentacles         ||     2
 Stab: Sleeping          ||     2
Dodge: Dodged            ||     3

Table legend: (Time is in decaauts)
 A = Elapsed time spent in this place.
 B = Non-inter-level travel time spent in this place.
 C = Inter-level travel time spent in this place.
 D = Time resting spent in this place.
 E = Time spent auto-exploring this place.
 F = Levels seen in this place.
 G = Mean time per level.
                   A        B        C        D        E       F      G
               +--------+--------+--------+--------+--------+-----+--------+
         Total |     42 |     42 |      0 |     10 |      0 |   1 |   42.0 |
       Dungeon |     42 |     42 |      0 |     10 |      0 |   1 |   42.0 |
               +--------+--------+--------+--------+--------+-----+--------+

Top non-repeatable levels by time:
       D: 42 daAuts
